 Dungeon Crawl Stone Soup version 0.25-a0-294-gea9b1ad378 (webtiles) character file.

Game seed: 7899061804459728974, levelgen mode: deterministic

2335 MoonlitKnight the Ducker (level 9, 0/69 HPs)
             Began as a Gnoll Skald on Dec 16, 2019.
             Was a Believer of Okawaru.
             Slain by a hippogriff (7 damage)
             ... on level 7 of the Dungeon.
             The game lasted 00:13:58 (5633 turns).

MoonlitKnight the Ducker (Gnoll Skald)              Turns: 5633, Time: 00:13:58

Health: 0/69       AC:  7    Str: 15    XL:     9   Next: 42%
Magic:  17/18      EV: 15    Int: 17    God:    Okawaru [**....]
Gold:   332        SH:  0    Dex: 15    Spells: 10/21 levels left

rFire    + . .     SeeInvis .   s - +4 halberd
rCold    x . .     Gourm    .   (shield currently unavailable)
rNeg     . . .     Faith    .   g - +0 ring mail
rPois    .         Spirit   .   (no helmet)
rElec    .         Reflect  .   (no cloak)
rCorr    .         Harm     .   (no gloves)
MR       .....                  y - +0 pair of boots
Stlth    ++........             (no amulet)
HPRegen  0.21/turn              (no ring)
MPRegen  0.16/turn              p - ring of fire

@: about to teleport, studying Dodging
A: distributed training, fangs 1, strong nose
a: Heroism, Renounce Religion


You were on level 7 of the Dungeon.
You worshipped Okawaru.
Okawaru was pleased with you.
You were not hungry.

You visited 1 branch of the dungeon, and saw 8 of its levels.

You collected 332 gold pieces.

Inventory:

Hand Weapons
 a - a +0 spear
 n - a +0 hunting sling
 s - a +4 halberd (weapon)
 w - a +0 shortbow
Missiles
 e - 29 poisoned darts (quivered)
 m - 86 sling bullets
 x - 59 arrows
Armour
 g - a +0 ring mail (worn)
 y - a +0 pair of boots (worn)
Jewellery
 o - an uncursed ring of ice
 p - a ring of fire (right hand)
 r - an uncursed ring of flight {unknown}
Wands
 b - a wand of polymorph (13)
Scrolls
 c - a scroll of remove curse
 f - 2 scrolls of teleportation
 k - 3 scrolls of fog
 t - a scroll of random uselessness {unknown}
 u - 3 scrolls of identify
 B - 2 scrolls of vulnerability {unknown}
 C - a scroll of amnesia {unknown}
Potions
 h - 2 potions of curing
 i - 5 potions of heal wounds
 j - 3 potions of haste
 l - a potion of invisibility {unknown}
 q - a potion of might {unknown}
 v - a potion of berserk rage {unknown}
 A - 3 potions of flight {unknown}
Books
 z - a manual of Dodging
Comestibles
 d - 10 rations
 D - a chunk of flesh


   Skills:
 + Level 6.2 Fighting
 + Level 4.1 Short Blades
 + Level 4.1 Long Blades
 + Level 4.1 Axes
 + Level 4.1 Maces & Flails
 + Level 6.2 Polearms
 + Level 4.1 Staves
 + Level 4.1 Slings
 + Level 4.1 Bows
 + Level 4.1 Crossbows
 + Level 4.1 Throwing
 + Level 5.0 Armour
 + Level 7.0 Dodging
 + Level 4.1 Stealth
 + Level 4.1 Shields
 + Level 4.1 Unarmed Combat
 + Level 6.6 Spellcasting
 + Level 3.4 Conjurations
 + Level 3.4 Hexes
 + Level 6.5 Charms
 + Level 3.4 Summonings
 + Level 3.4 Necromancy
 + Level 3.4 Translocations
 + Level 3.4 Transmutations
 + Level 3.4 Fire Magic
 + Level 3.4 Ice Magic
 + Level 3.4 Air Magic
 + Level 3.4 Earth Magic
 + Level 3.4 Poison Magic
 + Level 4.5 Invocations
 + Level 4.1 Evocations


You had 10 spell levels left.
You knew the following spells:

 Your Spells              Type           Power        Failure   Level  Hunger
a - Infusion              Chrm           ####         1%          1    None
b - Shroud of Golubria    Chrm/Tloc      ###...       4%          2    None
c - Spectral Weapon       Hex/Chrm       ###.....     9%          3    ##.....
d - Regeneration          Chrm/Necr      ###.......   9%          3    ##.....
e - Song of Slaying       Chrm           ####....     2%          2    None

Your spell library contained the following spells:

 Spells                   Type           Power        Failure   Level  Hunger
 Magic Dart               Conj           ###.         5%          1    None
 Blink                    Tloc           N/A          9%          2    None
 Call Imp                 Summ           ###.....     9%          2    None
 Slow                     Hex            ###.....     9%          2    None
 Conjure Flame            Conj/Fire      ####....     17%         3    ##.....
 Mephitic Cloud           Conj/Pois/Air  ###.....     17%         3    ##.....


Dungeon Overview and Level Annotations

Branches:
Dungeon (8/15)
 Temple: D:4-7         Lair: D:8-11

Altars:
Fedhas
Okawaru
Ru


Innate Abilities, Weirdness & Mutations

Your experience applies equally to all skills.
You have very sharp teeth.
Your uncanny sense of smell can sniff out nearby items.


Message History

The hound barely misses you. The hippogriff bites you!
Your shroud falls apart!
The hippogriff barely misses you. The hippogriff claws you.
The hound bites you.
* * * LOW HITPOINT WARNING * * *
The bullfrog gives a loud, deep croak!
You climb upwards.
The killer bee stings you.
* * * LOW HITPOINT WARNING * * *
The killer bee completely misses you. The killer bee misses you.
There is a stone staircase leading down here.
As you read the scroll of teleportation, it crumbles to dust.
You feel strangely unstable.
A killer bee comes into view.
The killer bee misses you. The killer bee stings you.
* * * LOW HITPOINT WARNING * * *
The killer bee misses you. The hippogriff bites you!
* * * LOW HITPOINT WARNING * * *
The hippogriff pecks you but does no damage.
The hippogriff claws you!
You die...

.## .a ##.## #.y.#
#...# ## #...# ..
#...####.###
#..yy......# .
####..y@.######.#
......h.H.......
.........#########
..................
#######.......#####
...........#.##
##########.#.#
.#..........#.#
.#..........#.#


You could see a hippogriff, a hound, a worker ant and 4 killer bees.

Vanquished Creatures
  A two-headed ogre (D:6)
  A hippogriff (D:6)
  Edmund (D:4)
  A black bear (D:6)
  A sky beast (D:5)
  2 ogres
  2 centaurs (D:5)
  A gnoll sergeant (D:6)
  A bullfrog zombie (D:6)
  4 crimson imps (D:5)
  2 hounds (D:6)
  2 orc priests (D:4)
  A quasit (D:6)
  A bullfrog skeleton (D:7)
  An orc wizard (D:4)
  5 worker ants
  A hound zombie (D:6)
  Robin (D:4)
  10 gnolls
  9 adders
  A shadow imp (D:5)
  2 oozes (D:3)
  5 worms
  3 leopard geckos
  8 orcs
  A ball python (D:1)
  13 bats
  6 giant cockroaches
  11 goblins
  11 hobgoblins
  14 jackals
  3 quokkas
  5 frilled lizards
  A jackal skeleton (D:5)
  5 kobolds
  10 rats
147 creatures vanquished.

Notes
Turn   | Place    | Note
-------+----------+-------------------------------------------
     0 | D:1      | MoonlitKnight the Gnoll Skald began the quest for the Orb.
     0 | D:1      | Reached XP level 1. HP: 20/20 MP: 6/6
   178 | D:1      | Reached XP level 2. HP: 26/26 MP: 5/7
   718 | D:2      | Reached XP level 3. HP: 30/31 MP: 9/9
   735 | D:2      | Reached skill level 5 in Spellcasting
   859 | D:2      | Learned a level 2 spell: Shroud of Golubria
   863 | D:2      | Learned a level 3 spell: Spectral Weapon
   867 | D:2      | Learned a level 3 spell: Regeneration
   870 | D:2      | Learned a level 2 spell: Song of Slaying
   978 | D:2      | You fall into a shaft and drop 2 floors!
  1138 | D:2      | Reached skill level 1 in Invocations
  1221 | D:2      | Found an iron altar of Okawaru.
  1264 | D:2      | Became a worshipper of Warmaster Okawaru
  1293 | D:2      | Reached skill level 1 in Short Blades
  1293 | D:2      | Reached skill level 1 in Long Blades
  1293 | D:2      | Reached skill level 1 in Axes
  1293 | D:2      | Reached skill level 1 in Maces & Flails
  1293 | D:2      | Reached skill level 1 in Staves
  1293 | D:2      | Reached skill level 1 in Slings
  1293 | D:2      | Reached skill level 1 in Bows
  1293 | D:2      | Reached skill level 1 in Crossbows
  1293 | D:2      | Reached skill level 1 in Throwing
  1293 | D:2      | Reached skill level 1 in Stealth
  1293 | D:2      | Reached skill level 1 in Shields
  1293 | D:2      | Reached skill level 1 in Unarmed Combat
  1293 | D:2      | Reached skill level 1 in Evocations
  1293 | D:2      | Reached XP level 4. HP: 28/38 MP: 11/11
  1561 | D:2      | Reached skill level 1 in Conjurations
  1561 | D:2      | Reached skill level 1 in Hexes
  1561 | D:2      | Reached skill level 1 in Summonings
  1561 | D:2      | Reached skill level 1 in Necromancy
  1561 | D:2      | Reached skill level 1 in Translocations
  1561 | D:2      | Reached skill level 1 in Transmutations
  1561 | D:2      | Reached skill level 1 in Fire Magic
  1561 | D:2      | Reached skill level 1 in Ice Magic
  1561 | D:2      | Reached skill level 1 in Air Magic
  1561 | D:2      | Reached skill level 1 in Earth Magic
  1561 | D:2      | Reached skill level 1 in Poison Magic
  1821 | D:3      | Reached XP level 5. HP: 43/43 MP: 9/12
  1855 | D:3      | Found a sacrificial altar of Ru.
  2570 | D:4      | Noticed Robin
  2966 | D:4      | Noticed Edmund
  2979 | D:4      | Killed Edmund
  2979 | D:4      | Reached skill level 5 in Fighting
  2979 | D:4      | Reached skill level 5 in Polearms
  2979 | D:4      | Reached skill level 5 in Dodging
  2979 | D:4      | Reached XP level 6. HP: 39/51 MP: 4/14
  3071 | D:4      | Reached * piety under Okawaru
  3071 | D:4      | Reached XP level 7. HP: 56/56 MP: 9/15
  3403 | D:4      | Killed Robin
  3684 | D:5      | Entered Level 5 of the Dungeon
  4025 | D:5      | Reached ** piety under Okawaru
  4025 | D:5      | Reached XP level 8. HP: 63/63 MP: 16/16
  4521 | D:6      | Noticed a two-headed ogre
  4535 | D:6      | Killed a two-headed ogre
  4535 | D:6      | Reached skill level 6 in Dodging
  4535 | D:6      | Reached XP level 9. HP: 38/69 MP: 12/18
  5130 | D:6      | Found a blossoming altar of Fedhas.
  5221 | D:6      | Reached skill level 7 in Dodging
  5613 | D:7      | Reached skill level 5 in Armour
  5633 | D:7      | Slain by a hippogriff

Levels and vault maps discovered:
D:1:      lightli_arrival_flooded_house, layout_loops_ring
D:2:      layout_rooms, lemuel_round_altar, kennysheep_generic_room_4
D:3:      layout_basic, nicolae_ru_path_of_blood, first_ration,
          minmay_crystal_water, minivault_26
D:4:      layout_rooms, uniq_edmund, uniq_robin
D:5:      layout_basic, hangedman_decor_growths, minmay_manual_mandibuliform
D:6:      minmay_cornered_nines, layout_loops_corners,
          nicolae_overflow_crystal_walls
D:7:      layout_loops_cross, lemuel_doored_altar, minmay_temple_entry_mist,
          serial_co_window_serial, co_window_paths_a,
          co_window_of_opportunity_a, co_window_paths_b, co_window_paths_b,
          co_window_of_opportunity_a, co_window_paths_b, co_window_paths_a,
          co_window_corner_cb, co_window_corner_b, co_window_of_opportunity_b,
          co_window_cross_2, co_window_paths_c, co_window_corner_cb
D:8:      layout_basic, nicolae_gozag_cash_rules_everything_around_me,
          lair_entry_dummy, basic_altar, serial_shops, nicolae_shop_statue_plus

Skill      XL: |  1  2  3  4  5  6  7  8  9 |
---------------+----------------------------+-----
Spellcasting   | 5 6 |  6.6
Invocations    | 1 2 3 4 |  4.5
Short Blades   | 1 2 3 4 |  4.1
Long Blades    | 1 2 3 4 |  4.1
Axes           | 1 2 3 4 |  4.1
Maces & Flails | 1 2 3 4 |  4.1
Staves         | 1 2 3 4 |  4.1
Slings         | 1 2 3 4 |  4.1
Bows           | 1 2 3 4 |  4.1
Crossbows      | 1 2 3 4 |  4.1
Throwing       | 1 2 3 4 |  4.1
Stealth        | 1 2 3 4 |  4.1
Shields        | 1 2 3 4 |  4.1
Unarmed Combat | 1 2 3 4 |  4.1
Evocations     | 1 2 3 4 |  4.1
Conjurations   | 1 2 3 |  3.4
Hexes          | 1 2 3 |  3.4
Summonings     | 1 2 3 |  3.4
Necromancy     | 1 2 3 |  3.4
Translocations | 1 2 3 |  3.4
Transmutations | 1 2 3 |  3.4
Fire Magic     | 1 2 3 |  3.4
Ice Magic      | 1 2 3 |  3.4
Air Magic      | 1 2 3 |  3.4
Earth Magic    | 1 2 3 |  3.4
Poison Magic   | 1 2 3 |  3.4
Armour         | 3 4 5 |  5.0
Fighting       | 5 6 |  6.2
Polearms       | 5 6 |  6.2
Dodging        | 5 6 7 |  7.0
Charms         | 6 |  6.5

Action                   |  1- 3 |  4- 6 |  7- 9 || total
-------------------------+-------+-------+-------++-------
Melee: Spear             |   139 |    39 |       ||   178
       Bite              |    11 |    10 |    13 ||    34
       Halberd           |       |    81 |   166 ||   247
Throw: Dart              |       |       |     5 ||     5
 Cast: Infusion          |     1 |       |       ||     1
       Shroud of Golubri |       |     5 |     4 ||     9
       Spectral Weapon   |       |     5 |     8 ||    13
  Use: Scroll            |       |     6 |     3 ||     9
       Potion            |       |       |     1 ||     1
 Stab: Sleeping          |       |     1 |     6 ||     7
       Distracted        |       |     1 |     1 ||     2
  Eat: Chunk             |     1 |     7 |     9 ||    17
Armor: Ring mail         |    29 |    45 |    49 ||   123
       Leather armour    |     3 |       |       ||     3
Dodge: Dodged            |    71 |   120 |   100 ||   291

Table legend:
 A = Non-vault XP
 B = Vault XP
 C = Vault XP percentage of total XP
 D = Non-vault monster count
 E = Vault monster count
 F = Vault count percentage of total count
                 A         B        C        D         E       F
            +---------+---------+-------+---------+---------+-------
      Total |    1913 |    1423 |  42.7 |     125 |      22 |  15.0
            +---------+---------+-------+---------+---------+-------
        D:1 |      32 |       0 |   0.0 |      23 |       0 |   0.0
        D:2 |     117 |      13 |  10.0 |      29 |       1 |   3.3
        D:3 |     100 |       0 |   0.0 |      18 |       0 |   0.0
        D:4 |     371 |     198 |  34.8 |      22 |      14 |  38.9
        D:5 |     600 |     100 |  14.3 |      15 |       4 |  21.1
        D:6 |     653 |    1112 |  63.0 |      17 |       3 |  15.0
        D:7 |      40 |       0 |   0.0 |       1 |       0 |   0.0
            +---------+---------+-------+---------+---------+-------
